 Dungeon Crawl Stone Soup version 0.31.0-11-ge490571c62 (webtiles) character file.

Game seed: 6015223688430725391

198 qw the Skirmisher (level 5, -1/30 HPs)
             Began as a Deep Elf Hunter on Feb 4, 2024.
             Slain by a black bear (3 damage)
             ... on level 4 of the Dungeon.
             The game lasted 00:00:11 (2222 turns).

qw the Skirmisher (Deep Elf Hunter)                 Turns: 2222, Time: 00:00:11

Health: -1/30      AC:  5    Str: 10    XL:     5   Next: 47%
Magic:  7/7        EV: 11    Int: 14    God:
Gold:   222        SH:  0    Dex: 18    Spells: 4/4 levels left

rFire   . . .        a - +1 shortbow
rCold   . . .        (shield currently unavailable)
rNeg    . . .        e - +0 ring mail
rPois   .            (no helmet)
rElec   .            (no cloak)
rCorr   .            (no gloves)
SInv    .            (no boots)
Will    .....        f - amulet of regeneration
Stlth   +            (no ring)
HPRegen 1.05/turn    (no ring)
MPRegen 0.10/turn

%: no passive effects
@: no status effects
A: no striking features
a: no special abilities


You were on level 4 of the Dungeon.
You visited 1 branch of the dungeon, and saw 4 of its levels.

You collected 222 gold pieces.


   Skills:
 + Level 1.6 Fighting
 - Level 9.0 Ranged Weapons
 - Level 2.4 Dodging
 - Level 1.2 Stealth


You had 4 spell levels left.
You didn't know any spells.
Your spell library was empty.

Inventory:

Hand Weapons
 a - a +1 shortbow (weapon)
Armour
 e - a +0 ring mail (worn)
Jewellery
 f - an amulet of regeneration (around neck)
Scrolls
 b - a scroll of identify
Potions
 c - a potion of curing
 d - a potion of enlightenment
 g - a potion of cancellation

Dungeon Overview and Level Annotations

Branches:
Dungeon (4/15)
 Temple: D:4-7

Altars:

Shops:
D:3 (


Message History

2175 ||| DROPPING scroll of blinking.
You drop a scroll of blinking.
Done exploring.
What level of the Dungeon? (default 3, ? - help)
There is a stone staircase leading down here.
You climb downwards.
Found a scroll of identify.
There is a stone staircase leading up here.
Waypoint 3 assigned to D:4.
b - a scroll of identify A black bear comes into view.
Found a glowing jade ring.
Found a stone staircase leading down.
The black bear growls angrily.
You shoot an arrow.
The arrow closely misses the black bear.
You shoot an arrow. The arrow barely misses the black bear.
You shoot an arrow. The arrow hits the black bear!
The black bear is moderately wounded.
You shoot an arrow. The arrow barely misses the black bear.
You shoot an arrow. The arrow hits the black bear!
The black bear is severely wounded.
You shoot an arrow. The arrow hits the black bear.
The black bear is almost dead.
The black bear goes berserk!
You shoot an arrow. The arrow hits the black bear.
The black bear is almost dead.
The black bear bites you. The black bear claws you.
The black bear claws you but does no damage.
The black bear bites you! The black bear claws you.
The black bear claws you but does no damage.
You shoot an arrow. The arrow hits the black bear.
The black bear is almost dead.
The black bear closely misses you.
The black bear claws you but does no damage.
The black bear misses you. The black bear closely misses you.
The black bear claws you.
The black bear claws you but does no damage.
You shoot an arrow.
The arrow closely misses the black bear.
The black bear bites you! The black bear claws you.
You die...

##.... #.#
....=. #.#
.?#.. #.####
....# #.#..
#... #.#.###
#..> #.#<..#
####..h##.#.#.#
.......@....# #
####.#....###
#....# #....#
#....# #....#
#..#.# #..#.#
#..#.#


You could see a black bear (berserk).

Vanquished Creatures
  An orc priest (D:3)
  An iguana (D:3)
  3 gnolls (D:3)
  2 adders
  2 dart slugs (D:1)
  5 ribbon worms
  3 orcs (D:3)
  5 ball pythons
  4 endoplasms
  A giant cockroach (D:1)
  9 goblins
  7 hobgoblins
  11 jackals
  A quokka (D:2)
  5 bats
  4 frilled lizards
  8 kobolds
  3 rats
75 creatures vanquished.

Notes
Turn   | Place    | Note
-------+----------+-------------------------------------------
     0 | D:1      | qw the Deep Elf Hunter began the quest for the Orb.
     0 | D:1      | Reached XP level 1. HP: 12/12 MP: 3/3
     0 | D:1      | 0 ||| qw: Version: 0.3-a-160-g6735b56
     0 | D:1      | 0 ||| qw: Game counter: 5787
     0 | D:1      | 0 ||| qw: Melee chars always use a shield: true
     0 | D:1      | 0 ||| qw: God list: Okawaru
     0 | D:1      | 0 ||| qw: Allow faded altars: false
     0 | D:1      | 0 ||| qw: Do Orc after clearing Dungeon:15 true
     0 | D:1      | 0 ||| qw: Do second Lair branch before Depths: true
     0 | D:1      | 0 ||| qw: Lair rune preference: random
     0 | D:1      | 0 ||| qw: Goals: Normal
     0 | D:1      | 0 ||| PLANNING D:1-11
   137 | D:1      | You fall into a shaft and drop 1 floor!
   138 | D:2      | 138 ||| UPGRADING to +0 ring mail.
   148 | D:2      | 148 ||| DROPPING +0 leather armour.
   149 | D:2      | 149 ||| DROPPING scroll of butterflies.
   201 | D:1      | Reached skill level 6 in Ranged Weapons
   201 | D:1      | Reached XP level 2. HP: 16/16 MP: 4/4
   464 | D:1      | Reached XP level 3. HP: 20/20 MP: 5/5
   584 | D:1      | 584 ||| UPGRADING to amulet of regeneration.
   589 | D:1      | 589 ||| READING scroll labelled PEOHOSA SUISUREISH.
   589 | D:1      | 589 ||| IDENTIFYING emerald potion
   590 | D:1      | 590 ||| READING scroll labelled LIAGIF XUPP.
   593 | D:1      | 593 ||| DRINKING 2 murky amethyst potions.
   814 | D:2      | Reached skill level 7 in Ranged Weapons
  1007 | D:2      | Reached XP level 4. HP: 25/25 MP: 6/6
  1369 | D:2      | 1369 ||| READING 4 scrolls of identify.
  1369 | D:2      | 1369 ||| IDENTIFYING fizzy yellow potion
  1370 | D:2      | 1370 ||| READING 3 scrolls of identify.
  1370 | D:2      | 1370 ||| IDENTIFYING sedimented dark potion
  1371 | D:2      | 1371 ||| READING 2 scrolls of identify.
  1371 | D:2      | 1371 ||| IDENTIFYING lumpy white potion
  1372 | D:2      | 1372 ||| READING scroll of identify.
  1372 | D:2      | 1372 ||| IDENTIFYING scroll labelled HETZUNWEACA
  1373 | D:2      | 1373 ||| READING scroll labelled ZYNU XIGHECE.
  1373 | D:2      | 1373 ||| ENCHANTING +0 shortbow.
  1374 | D:2      | 1374 ||| DROPPING potion of brilliance.
  1375 | D:2      | 1375 ||| DROPPING potion of berserk rage.
  1376 | D:2      | 1376 ||| DROPPING scroll of fog.
  1444 | D:3      | Reached skill level 8 in Ranged Weapons
  1584 | D:3      | Reached XP level 5. HP: 29/29 MP: 7/7
  1701 | D:3      | Found Inlisif's Weapon Boutique.
  1724 | D:3      | HP: 5/29 [orc priest/+0 hand axe (7)]
  1924 | D:3      | Reached skill level 9 in Ranged Weapons
  2174 | D:3      | 2174 ||| READING scroll of identify.
  2174 | D:3      | 2174 ||| IDENTIFYING scroll labelled QEUTIA DEOKIR
  2175 | D:3      | 2175 ||| DROPPING scroll of blinking.
  2213 | D:4      | Noticed a black bear
  2222 | D:4      | HP: 2/30 [black bear (9)]
  2222 | D:4      | Slain by a black bear

Levels and vault maps discovered:
D:1:      sevenhm_arrival_forest_fort_small_5, layout_basic,
          corexii_item_surrounded_by_moat, minmay_pentomino_w2
D:2:      wad_river_or_something, layout_loops_ring
D:3:      layout_basic, serial_shops, nicolae_shop_bloodbath_and_beyond
D:4:      layout_basic, nicolae_ru_sacrificial_ziggurat,
          lemuel_temple_firewalk_b

Skill      XL: |  1  2  3  4  5 |
---------------+----------------+-----
Ranged Weapons | 6 7 8 9 |  9.0
Fighting       | |  1.6
Dodging        | |  2.4
Stealth        | |  1.2

Action                     |  1- 3 |  4- 6 || total
---------------------------+-------+-------++-------
   Fire: Shortbow          |   118 |   115 ||   233
    Use: Scroll            |     2 |     6 ||     8
         Potion            |     1 |       ||     1
 Armour: Leather armour    |     5 |       ||     5
         Ring mail         |    22 |    36 ||    58
  Dodge: Dodged            |    26 |    25 ||    51

Table legend:
 A = Non-vault XP
 B = Vault XP
 C = Vault XP percentage of total XP
 D = Non-vault monster count
 E = Vault monster count
 F = Vault count percentage of total count
                 A         B        C        D         E       F
            +---------+---------+-------+---------+---------+-------
      Total |     248 |      36 |  12.7 |      64 |      11 |  14.7
            +---------+---------+-------+---------+---------+-------
        D:1 |      37 |       6 |  14.0 |      20 |       2 |   9.1
        D:2 |      35 |      30 |  46.2 |      21 |       9 |  30.0
        D:3 |     176 |       0 |   0.0 |      23 |       0 |   0.0
            +---------+---------+-------+---------+---------+-------
